Map: Rhoskallian EE

Players

MrFercho

  • Race: Zerg Zerg
  • League: Silver
  • Spawn Location: 6:00

TATORREA

  • Race: Protoss Protoss
  • League: Silver
  • Spawn Location: 5:00

Chemere - Winner!

  • Race: Zerg Zerg
  • League: Gold
  • Spawn Location: 11:00

Paulo - Winner!

  • Race: Protoss Protoss
  • League: Gold
  • Spawn Location: 12:00

VOD

Have the link to the VOD?

Description

Time

  • Played on: May 30, 2020, 9:10 p.m.
  • Length: 11:32
Show
View Real Time Build Order
Export as new Build Order

MrFercho Zerg 

Build Orders: Pool First 

Get SALT Encoding   

  12  0:01  Drone  
  13  0:13  Drone  
  14  0:23  Extractor  
  14  0:25  Extractor  
  14  0:26  Drone x2  
  16  0:43  Spawning Pool  
  15  1:03  Hatchery  
  14  1:29  Overlord  
  14  1:31  Hatchery  
  13  1:34  Drone  
  13  1:38  Extractor  
  13  1:40  Drone  
  13  1:43  Extractor  
  13  1:52  Drone  
  13  1:53  Drone  
  15  2:15  Drone x2  
  17  2:17  Drone  
  18  2:25  Drone  
  18  2:27  Drone  
  20  2:34  Drone  
  21  2:38  Drone  
  22  2:51  Drone x3  
  25  2:57  Drone x2  
  27  3:00  Metabolic Boost  
  27  3:07  Lair  
  27  3:13  Queen  
  27  3:15  Drone x2  
  27  3:16  Drone  
  32  3:31  Overlord  
  32  3:32  Overlord  
  32  3:48  Drone  
  33  3:49  Zergling x2  
  33  3:50  Zergling x10  
  39  4:07  Spire  
  38  4:17  Infestation Pit  
  38  4:22  Overseer  
  37  4:36  Pneumatized Carapace  
  37  4:48  Drone x2  
  37  4:49  Drone x7  
  37  4:52  Overlord x2  
  46  4:53  Overlord  
  46  5:05  Evolution Chamber  
  46  5:06  Overseer  
  45  5:20  Mutalisk  
  47  5:21  Mutalisk  
  49  5:32  Extractor  
  49  5:33  Extractor  
  47  5:49  Zerg Flyer Armor Level 1  
  47  5:57  Drone x4  
  47  5:58  Drone x5  
  56  6:38  Overseer  
  56  6:47  Hive  
  56  7:06  Overlord x2  
  56  7:07  Overlord x2  
  56  7:08  Overlord  
  56  7:15  Overseer x3  
  56  7:18  Mutalisk  
  56  7:19  Mutalisk x4  
  56  7:22  Hatchery  
  65  7:26  Extractor x2  
  63  7:33  Hatchery  
  62  7:50  Mutalisk  
  63  7:51  Mutalisk x2  
  67  8:06  Zerg Flyer Weapons Level 1  
  48  8:44  Spore Crawler  
  48  8:45  Queen x2, Spore Crawler  
  48  8:46  Queen, Spore Crawler  
  51  8:49  Spore Crawler x2  
  51  8:50  Spore Crawler  
  51  8:52  Spore Crawler  
  47  9:10  Corruptor  
  47  9:11  Corruptor x7  
  63  9:21  Queen x2  
  67  9:48  Mutalisk x3  
  67  9:49  Mutalisk  
  69  9:54  Zergling x2  
  69  9:55  Zergling x8  
  68  10:41  Mutalisk  
  68  10:42  Mutalisk x4  
Show
View Real Time Build Order
Export as new Build Order

TATORREA Protoss 

Build Orders:  

Get SALT Encoding   

  12  0:06  Probe  
  13  0:23  Probe  
  14  0:31  Pylon  
  14  0:35  Probe  
  15  0:49  Probe  
  16  1:03  Gateway  
  16  1:04  Probe  
  17  1:07  Gateway  
  17  1:16  Probe  
  18  1:19  Assimilator  
  18  1:28  Probe  
  18  1:31  Assimilator  
  19  1:40  Probe  
  19  1:41  Pylon  
  20  1:52  Probe  
  21  2:05  Probe  
  21  2:06  Cybernetics Core  
  22  2:10  Forge  
  22  2:12  Gateway  
  22  2:21  Probe  
  23  2:45  Nexus  
  23  2:50  Pylon  
  23  2:52  Probe  
  24  3:04  Warp Gate (Chrono Boost)  
  24  3:05  Probe  
  25  3:10  Stalker  
  27  3:14  Stalker  
  29  3:20  Probe  
  30  3:28  Protoss Ground Weapons Level 1  
  30  3:32  Probe  
  31  3:44  Probe  
  31  3:46  Stalker (Chrono Boost)  
  34  3:51  Stalker (Chrono Boost)  
  36  3:56  Probe  
  37  4:11  Probe  
  37  4:12  Probe  
  39  4:24  Probe x2  
  41  4:35  Gateway  
  41  4:37  Gateway  
  41  4:40  Gateway  
  41  4:43  Gateway  
  41  4:47  Pylon  
  41  4:48  Probe x2  
  43  5:00  Probe x2  
  43  5:03  Pylon  
  45  5:10  Twilight Council  
  45  5:12  Probe x2  
  47  5:15  Robotics Facility  
  47  5:24  Probe x2  
  49  5:30  Pylon  
  49  5:31  Assimilator  
  49  5:34  Assimilator  
  49  5:36  Probe x2  
  49  5:39  Stalker x2  
  55  5:43  Stalker  
  55  5:49  Stalker  
  59  5:51  Stalker  
  59  5:55  Stalker  
  63  6:12  Probe  
  64  6:25  Charge  
  64  6:27  Protoss Ground Weapons Level 2, Nexus  
  64  6:31  Stalker  
  64  6:32  Stalker  
  68  6:34  Stalker  
  68  6:38  Stalker  
  72  6:43  Probe x2  
  74  6:55  Probe  
  74  6:56  Probe  
  74  6:58  Observer  
  77  7:08  Probe  
  78  7:21  Pylon  
  78  7:24  Pylon  
  78  7:27  Pylon  
  78  7:38  Probe x2, Warp Prism  
  78  7:42  Pylon  
  82  7:50  Pylon  
  80  7:55  Pylon  
  80  8:02  Probe x2  
  82  8:14  Probe x2  
  78  8:26  Probe x2  
  66  8:32  Stalker x3  
  66  8:33  Stalker x4  
  74  8:38  Probe x2  
  74  8:39  Immortal  
  80  8:50  Probe x2  
  82  9:16  Assimilator  
  82  9:21  Assimilator  
  80  9:27  Stalker  
  80  9:28  Stalker x4  
  80  9:29  Stalker  
  80  9:30  Stalker  
  60  9:52  Zealot  
  57  9:53  Zealot x5  
  57  9:54  Zealot  
  51  10:14  Stalker x4  
  43  10:15  Stalker x3  
Show
View Real Time Build Order
Export as new Build Order

Chemere Zerg - Winner!

Build Orders: Hatch First 

Get SALT Encoding   

  12  0:02  Drone  
  13  0:12  Drone  
  14  0:18  Extractor, Drone  
  15  0:46  Overlord  
  15  0:51  Hatchery  
  14  1:07  Spawning Pool  
  14  1:08  Drone  
  14  1:09  Drone  
  15  1:24  Drone  
  16  1:27  Drone  
  17  1:44  Extractor  
  16  1:54  Drone x3  
  18  1:56  Queen  
  21  2:05  Queen  
  21  2:08  Drone  
  24  2:12  Drone  
  25  2:23  Drone  
  25  2:24  Drone  
  27  2:33  Overlord x2  
  27  2:45  Extractor, Queen  
  28  2:54  Overlord x2  
  28  3:00  Drone x4  
  32  3:09  Drone x3  
  35  3:36  Drone x3  
  35  3:37  Drone x4  
  42  3:42  Lair  
  42  3:44  Queen  
  42  3:47  Extractor  
  43  3:50  Extractor  
  42  4:03  Zergling x18  
  42  4:07  Metabolic Boost  
  51  4:18  Drone x2  
  53  4:25  Drone  
  54  4:44  Hatchery  
  53  4:46  Drone  
  53  4:50  Drone  
  55  5:08  Evolution Chamber  
  55  5:09  Spire  
  55  5:11  Drone x3  
  56  5:40  Drone x2  
  56  5:41  Overlord x5  
  58  5:44  Zerg Ground Armor Level 1  
  58  5:56  Roach Warren  
  57  5:59  Pneumatized Carapace  
  57  6:01  Lair  
  57  6:02  Queen  
  59  6:06  Drone  
  59  6:07  Drone x2  
  62  6:40  Zerg Flyer Weapons Level 1  
  62  6:50  Spire  
  62  6:52  Glial Reconstitution  
  61  7:01  Extractor, Drone  
  61  7:02  Extractor, Drone x2  
  61  7:03  Drone x3  
  65  7:27  Infestation Pit  
  64  7:39  Zerg Melee Weapons Level 1  
  64  7:49  Mutalisk  
  64  7:50  Mutalisk x13  
  86  7:53  Zergling x24  
  82  8:43  Queen x2  
  86  9:09  Mutalisk  
  86  9:10  Mutalisk x8  
  103  9:25  Mutalisk  
  103  9:27  Overlord x4  
  105  9:51  Mutalisk x10  
  118  10:20  Corruptor x4  
  109  10:53  Roach x10  
Show
View Real Time Build Order
Export as new Build Order

Paulo Protoss - Winner!

Build Orders: Double Forge 

Get SALT Encoding   

  12  0:02  Probe (Chrono Boost)  
  13  0:12  Probe (Chrono Boost)  
  14  0:19  Pylon  
  14  0:26  Probe  
  15  0:38  Probe  
  16  0:42  Gateway  
  16  0:50  Assimilator  
  16  0:55  Assimilator  
  16  0:56  Probe  
  17  1:08  Probe (Chrono Boost)  
  17  1:09  Forge  
  18  1:20  Probe (Chrono Boost)  
  19  1:28  Probe (Chrono Boost)  
  19  1:31  Zealot  
  22  1:35  Probe  
  23  1:50  Cybernetics Core  
  23  1:53  Pylon  
  23  2:11  Probe  
  24  2:16  Zealot (Chrono Boost)  
  26  2:26  Warp Gate  
  26  2:32  Gateway  
  26  2:35  Gateway  
  26  2:39  Protoss Ground Weapons Level 1  
  26  2:40  Forge  
  26  2:44  Zealot  
  28  2:54  Pylon  
  28  2:58  Pylon  
  28  3:18  Photon Cannon  
  28  3:22  Photon Cannon  
  28  3:31  Photon Cannon  
  28  3:44  Gateway  
  28  3:48  Protoss Ground Armor Level 1 (Chrono Boost)  
  28  3:55  Zealot  
  30  4:03  Zealot  
  32  4:22  Zealot  
  34  4:28  Zealot  
  36  4:35  Pylon  
  36  4:40  Zealot  
  36  4:41  Zealot  
  40  4:55  Twilight Council  
  40  5:25  Nexus  
  40  5:29  Pylon  
  40  5:35  Pylon  
  40  5:44  Charge  
  40  5:45  Protoss Ground Weapons Level 2 (Chrono Boost)  
  40  6:20  Photon Cannon  
  40  6:24  Pylon  
  40  6:43  Photon Cannon  
  40  6:53  Probe (Chrono Boost)  
  41  6:59  Zealot  
  41  7:00  Zealot x2  
  47  7:02  Zealot  
  47  7:03  Probe (Chrono Boost)  
  47  7:07  Probe (Chrono Boost)  
  51  7:19  Probe  
  52  7:25  Protoss Shields Level 1  
  52  7:31  Probe  
  53  7:43  Probe  
  53  7:44  Robotics Facility  
  54  7:48  Robotics Facility  
  54  7:55  Probe  
  55  8:06  Zealot  
  55  8:07  Zealot x2  
  55  8:08  Zealot  
  55  8:11  Protoss Ground Armor Level 2  
  61  8:37  Zealot x4  
  63  9:52  Zealot x2  
  63  9:53  Zealot x2  
  65  10:22  Warp Prism  
  65  10:24  Immortal  
  69  11:12  Zealot x3  
  69  11:13  Zealot  
Tags
 
Add a new tag
Caveats
  • Supply blocks, unpowered buildings, or Contaminate may cause inaccurate times.
  • Supply counts are checked every 10 seconds.